 Dungeon Crawl Stone Soup version 0.24-a0-278-gefa1973 (webtiles) character file.

Game seed: 1129903095121152555

0 BigZZ40 the Skirmisher (level 1, -7/23 HPs)
             Began as a Gnoll Abyssal Knight on Apr 30, 2019.
             Was a Follower of Lugonu.
             Mangled by a small abomination (9 damage)
             ... on level 1 of the Abyss.
             The game lasted 00:01:44 (300 turns).

BigZZ40 the Skirmisher (Gnoll Abyssal Knight)        Turns: 300, Time: 00:01:45

Health: -7/23      AC:  3    Str: 14    XL:     1   Next: 0%
Magic:  3/3        EV: 12    Int: 14    God:    Lugonu [*.....]
Gold:   25         SH:  0    Dex: 14    Spells: 0/0 levels left

rFire    . . .     SeeInvis .   a - +1 spear
rCold    . . .     Gourm    .   (no shield)
rNeg     . . .     Faith    .   b - +0 leather armour
rPois    .         Spirit   .   (no helmet)
rElec    .         Reflect  .   (no cloak)
rCorr    .         Harm     .   (no gloves)
MR       .....                  (no boots)
Stlth    +.........             (no amulet)
HPRegen  0.07/turn              (no ring)
MPRegen  0.08/turn              (no ring)

@: no status effects
A: distributed training, fangs 1, strong nose
a: Depart the Abyss, Renounce Religion


You were on level 1 of the Abyss.
You worshipped Lugonu.
Lugonu was aware of your devotion.
You were not hungry.

You visited 0 branches of the dungeon, and saw 0 of its levels.
You visited the Abyss 1 time.

You collected 25 gold pieces.

Inventory:

Hand Weapons
 a - a +1 spear (weapon)
Missiles
 d - 17 arrows
Armour
 b - a +0 leather armour (worn)
 g - a +0 robe
Jewellery
 f - an uncursed ring of positive energy {unknown}
Scrolls
 e - a scroll of identify {unknown}
 h - a scroll of random uselessness {unknown}
Comestibles
 c - a ration


   Skills:
 + Level 6.4 Fighting
 + Level 0.0 Short Blades
 + Level 0.0 Long Blades
 + Level 0.0 Axes
 + Level 0.0 Maces & Flails
 + Level 4.4 Polearms
 + Level 0.0 Staves
 + Level 0.0 Slings
 + Level 0.0 Bows
 + Level 0.0 Crossbows
 + Level 0.0 Throwing
 + Level 4.4 Armour
 + Level 2.3 Dodging
 + Level 0.0 Stealth
 + Level 0.0 Shields
 + Level 0.0 Unarmed Combat
 + Level 0.0 Spellcasting
 + Level 0.0 Conjurations
 + Level 0.0 Hexes
 + Level 0.0 Charms
 + Level 0.0 Summonings
 + Level 0.0 Necromancy
 + Level 0.0 Translocations
 + Level 0.0 Transmutations
 + Level 0.0 Fire Magic
 + Level 0.0 Ice Magic
 + Level 0.0 Air Magic
 + Level 0.0 Earth Magic
 + Level 0.0 Poison Magic
 + Level 4.4 Invocations
 + Level 0.0 Evocations


You couldn't memorise any spells.
You didn't know any spells.
Your spell library was empty.

Dungeon Overview and Level Annotations

Branches:
Dungeon (0/15)

Altars:


Innate Abilities, Weirdness & Mutations

Your experience applies equally to all skills.
You have very sharp teeth.
Your uncanny sense of smell can sniff out nearby items.


Message History

The starspawn tentacle barely misses you.
The neqoxec gestures.
The neqoxec gestures at you.
Something tries to feed on your intellect!
The crimson imp misses you.
The crimson imp blinks!
A small abomination comes into view.
You hit the small abomination.
The small abomination is lightly damaged.
The small abomination hits you but does no damage.
The small abomination hits you. The small abomination misses you.
The crimson imp blinks!
The small abomination hits you!
Ouch! That really hurt!
* * * LOW HITPOINT WARNING * * *
A small abomination comes into view.
The small abomination misses you. The small abomination misses you.
The small abomination hits you!
You die...

##. .. # . .....
#.#. # #
#..#...#.# .#
.#.#. x...##.#
...... .....
#.#.###..###.#.
##..#..#........
# #..#...x@.# ..
####..3#..x..# ∆
#.#
#.##.####...#.#
#....5.##
......#..
##5###.#
..#.§#.#..#
#...####..##.###
... ###5..#..
#.# #.# #.3#.#..
.## .# # # #...#


You could see a neqoxec and 2 small abominations.

Vanquished Creatures (others)
  2 starspawn tentacles (Abyss:1)
2 creatures vanquished.

Notes
Turn   | Place    | Note
-------+----------+-------------------------------------------
     0 | Abyss:1  | BigZZ40 the Gnoll Abyssal Knight began the quest for the
                  | Orb.
     0 | Abyss:1  | Reached XP level 1. HP: 23/23 MP: 3/3
    89 | Abyss:1  | Found a corrupted altar of Lugonu.
   177 | Abyss:1  | Noticed a small abomination
   232 | Abyss:1  | Noticed a golden dragon simulacrum
   232 | Abyss:1  | Noticed a hellwing
   237 | Abyss:1  | Noticed a large abomination
   240 | Abyss:1  | Noticed a small abomination
   267 | Abyss:1  | Noticed a neqoxec
   267 | Abyss:1  | Noticed a tentacled starspawn
   278 | Abyss:1  | Noticed a crimson imp
   278 | Abyss:1  | Noticed an iron imp
   288 | Abyss:1  | Noticed a small abomination
   292 | Abyss:1  | HP: 1/23 [small abomination (17)]
   293 | Abyss:1  | Noticed a small abomination
   300 | Abyss:1  | Mangled by a small abomination

Levels and vault maps discovered:
Abyss:1

Action                   || total
-------------------------++-------
Melee: Spear             ||     1
Armor: Leather armour    ||     1
Dodge: Dodged            ||     6

Table legend:
 A = Non-vault XP
 B = Vault XP
 C = Vault XP percentage of total XP
 D = Non-vault monster count
 E = Vault monster count
 F = Vault count percentage of total count
                 A         B        C        D         E       F
            +---------+---------+-------+---------+---------+-------
      Total |       0 |       0 |   N/A |       0 |       0 |  -nan
            +---------+---------+-------+---------+---------+-------
            +---------+---------+-------+---------+---------+-------
